 Dungeon Crawl Stone Soup version 0.30-b1-2-g02819fbbbe (webtiles) character file.

Game seed: 2737017366126378528

291862 Arcadio the Slayer (level 19, -1/190 HPs)
             Began as a Minotaur Monk on May 6, 2023.
             Was a Follower of Uskayaw.
             Killed from afar by an ironbound thunderhulk (64 damage)
             ... with a bolt of lightning
             ... led by a vault warden
             ... on level 2 of the Vaults on May 7, 2023.
             The game lasted 03:09:59 (40221 turns).

Arcadio the Slayer (Minotaur Monk)                 Turns: 40221, Time: 03:10:00

Health: -1/190     AC: 19    Str: 28    XL:     19   Next: 54%
Magic:  29/29      EV: 22    Int: 10    God:    Uskayaw [*.....]
Gold:   159        SH: 14    Dex: 11    Spells: 18/18 levels left

rFire   + + .        J - +7 broad axe (freeze)
rCold   + + .        q - +2 shield of Resistance {rF++ rC++ Will++}
rNeg    + + +        B - +0 scale mail "Ycagu" {Drain rN+ Str+5 Dex+2}
rPois   +            m - +2 hat
rElec   .            Q - +4 cloak "Loelic" {rPois rN+++ Int+3 Dex-5}
rCorr   .            C - +2 pair of gloves
SInv    .            D - +2 pair of boots
Will    ++++.        X - amulet of regeneration Stlth
                     k - +5 ring of evasion
HPRegen 1.31/turn    j - ring of willpower
MPRegen 0.21/turn

%: no passive effects
@: no status effects
A: horns 2, retaliatory headbutt
}: 3/15 runes: serpentine, barnacled, abyssal
a: Renounce Religion, Stomp


You were on level 2 of the Vaults.
You worshipped Uskayaw.
Uskayaw was pleased with you.
You visited 7 branches of the dungeon, and saw 33 of its levels.
You visited the Abyss 1 time.

You collected 3285 gold pieces.
You spent 3126 gold pieces at shops.

Inventory:

Hand Weapons
 J - a +7 broad axe of freezing (weapon)
Missiles
 U - 5 throwing nets
Armour
 m - a +2 hat (worn)
 q - the +2 shield of Resistance (worn) {rF++ rC++ Will++}
   (You found it on level 5 of the Lair of Beasts)

   rF:        It greatly protects you from fire.
   rC:        It greatly protects you from cold.
   Will:      It greatly increases your willpower.
 B - the +0 scale mail "Ycagu" (worn) {Drain rN+ Str+5 Dex+2}
   (You bought it in a shop on level 6 of the Dungeon)

   Str:       It affects your strength (+5).
   Dex:       It affects your dexterity (+2).
   rN:        It protects you from negative energy.
   Drain:     It drains your maximum health when unequipped.
 C - a +2 pair of gloves (worn)
 D - a +2 pair of boots (worn)
 Q - the +4 cloak "Loelic" (worn) {rPois rN+++ Int+3 Dex-5}
   (You bought it in a shop on level 2 of the Orcish Mines)

   Int:       It affects your intelligence (+3).
   Dex:       It affects your dexterity (-5).
   rPois:     It protects you from poison.
   rN:        It renders you almost immune to negative energy.
Jewellery
 j - a ring of willpower (right hand)
 k - a +5 ring of evasion (left hand)
 r - a ring of protection from cold
 K - a ring of protection from cold
 P - a ring of poison resistance
 S - a ring of see invisible
 T - the ring of Jeom {rCorr Int+6}
   (You took it off a wight on level 9 of the Dungeon)

   [ring of intelligence]

   Int:       It affects your intelligence (+6).
   rCorr:     It protects you from acid and corrosion.
 W - a ring of protection from fire
 X - an amulet of regeneration (around neck)
Wands
 b - a wand of mindburst (6)
 u - a wand of polymorph (6)
 y - a wand of light (11)
 H - a wand of flame (67)
 I - a wand of digging (5)
 M - a wand of charming (9)
 N - a wand of roots (14)
Scrolls
 d - 3 scrolls of vulnerability
 e - 16 scrolls of teleportation
 f - 10 scrolls of immolation
 n - a scroll of poison
 o - a scroll of brand weapon
 p - 2 scrolls of summoning
 s - 2 scrolls of blinking
 t - 5 scrolls of fog
 w - a scroll of silence
 E - 3 scrolls of fear
 R - a scroll of magic mapping
Potions
 a - 2 potions of might
 c - 6 potions of ambrosia
 g - a potion of berserk rage
 h - 4 potions of heal wounds
 i - 7 potions of haste
 l - 19 potions of curing
 v - 5 potions of mutation
 x - 2 potions of invisibility
 z - 6 potions of flight
 A - 4 potions of lignification
 F - 4 potions of attraction
 L - 2 potions of magic
 Y - 2 potions of cancellation
 Z - 2 potions of resistance
Miscellaneous
 O - a lightning rod (4/4)
 V - a phantom mirror


   Skills:
 + Level 21.5 Fighting
 + Level 21.1(21.3) Axes
 - Level 4.3(14.6) Maces & Flails
 + Level 19.9 Dodging
 * Level 13.7 Shields
 - Level 15.1 Invocations


You had 18 spell levels left.
You didn't know any spells.
Your spell library contained the following spells:

 Spells                   Type           Power      Damage    Failure   Level
 Beastly Appendage        Tmut           0%         N/A       77%         1
 Necrotise                Necr           0%         1d4       77%         1
 Slow                     Hex            0%         N/A       77%         1
 Cigotuvi's Dreadful Rot  Necr/Pois/Air  0%         N/A       88%         2
 Poisonous Vapours        Pois/Air       0%         N/A       88%         2
 Wereblood                Tmut           0%         N/A       88%         2
 Confusing Touch          Hex            0%         N/A       98%         3
 Dazzling Flash           Conj/Hex       0%         N/A       98%         3
 Ignite Poison            Fire/Tmut/Pois 0%         N/A       98%         3
 Inner Flame              Hex/Fire       0%         N/A       98%         3
 Mephitic Cloud           Conj/Pois/Air  0%         N/A       98%         3
 Spider Form              Tmut/Pois      0%         N/A       98%         3
 Stone Arrow              Conj/Erth      0%         3d7       98%         3
 Tukima's Dance           Hex            0%         N/A       98%         3
 Vampiric Draining        Necr           0%         2d6       98%         3
 Volatile Blastmotes      Fire/Tloc      0%         2d10      98%         3
 Animate Armour           Summ/Erth      0%         N/A       100%        4
 Iskenderun's Mystic Bla  Conj/Tloc      0%         2d3       100%        4
 Leda's Liquefaction      Hex/Erth       0%         N/A       100%        4
 Olgreb's Toxic Radiance  Pois           0%         N/A       100%        4
 Passage of Golubria      Tloc           0%         N/A       100%        4
 Petrify                  Tmut/Erth      0%         N/A       100%        4
 Agony                    Necr           0%         N/A       100%        5
 Blade Hands              Tmut           0%         N/A       100%        5
 Freezing Cloud           Conj/Ice/Air   0%         6-21      100%        5
 Iskenderun's Battlesphe  Conj           0%         2d6       100%        5
 Lee's Rapid Deconstruct  Erth           0%         3d4*      100%        5
 Metabolic Englaciation   Hex/Ice        0%         N/A       100%        5
 Silence                  Hex/Air        0%         N/A       100%        5
 Yara's Violent Unravell  Hex/Tmut       0%         3d3       100%        5
 Iron Shot                Conj/Erth      0%         9d1       100%        6
 Starburst                Conj/Fire      0%         6d3       100%        6
 Statue Form              Tmut/Erth      0%         N/A       100%        6
 Enfeeble                 Hex            0%         N/A       100%        7
 Spellforged Servitor     Conj/Summ      0%         N/A       100%        7
 Discord                  Hex            0%         N/A       100%        8
 Ignition                 Fire           0%         3d3       100%        8
 Lehudib's Crystal Spear  Conj/Erth      0%         10d2      100%        8


Dungeon Overview and Level Annotations

Branches:
Dungeon (15/15) Zot: 25217  Temple (1/1) D:6 Zot: 5954    Lair (5/5) D:9 Zot: 21733
 Shoals (4/4) Lair:2 Zot: 18967   Snake (4/4) Lair:3 Zot: 18182   Slime (0/5) Lair:5
    Orc (2/2) D:11 Zot: 10015     Elf (0/3) Orc:2        Vaults (2/5) D:13 Zot: 10641
 Depths (0/4) D:15
  Crypt: Vaults:2-3

Altars:
Ashenzari
Cheibriados
Dithmenos
Elyvilon
Fedhas
Gozag
Hepliaklqana
Kikubaaqudgha
Makhleb
Nemelex Xobeh
Okawaru
Qazlal
Ru
Sif Muna
Trog
Uskayaw
Vehumet
Wu Jian
Xom
Yredelemnul
Zin
The Shining One
Jiyva

Shops:
D:6 [!   D:9 =   Orc:1 !**[   Orc:2 **=*[   Shoals:3 *   Shoals:4 (   Snake:1 [
Snake:2 *   Vaults:1 !

Annotations:
Shoals:4 3 runed translucent doors, exclusion: obsidian statue, Clive's ghost, adept MiFi
Snake:3 1 runed translucent door


Innate Abilities, Weirdness & Mutations

You have a pair of horns on your head.
You reflexively headbutt those who attack you in melee.


Message History

Press: ? - help, Dir - move target, p - vault guard The vault guard appears confused.
You can no longer pass through a line of other dancers.
You block the vault guard's attack. x2
The vault warden hits you with a +2 long sword!
The vault warden attacks as you move away!
You block the vault warden's attack.
The vault warden unwields a +2 long sword.
The vault warden wields a +0 arbalest.
The vault warden shoots a bolt.
The bolt hits you!!
* * * LOW HITPOINT WARNING * * *
Okay, then.
Press: ? - help, v - describe, . - travel
Here: a vault guard, wielding a +0 great sword and wearing a +0 chain mail (severely wounded, confused)
The floor.
Blink to where?
Press: ? - help, Dir - move target
As you read the scroll of blinking, it crumbles to dust.
You are confused.
You feel invigorated.
You bump into the stone wall.
You feel less invigorated.
You feel less confused.
Okay, then.
Electricity crackles from the ironbound thunderhulk's apparatus.
The bolt of lightning hits you!!!
* * * LOW HITPOINT WARNING * * *
You open the door.
Electricity crackles from the ironbound thunderhulk's apparatus.
The bolt of lightning misses you.
There is an open door here.
The vault guard barely misses you.
You open the door. The vault guard closely misses you.
There is an open door here.
You see here an entropy weaver corpse.
There is a stone staircase leading up, spattered with blood here.
You block the vault guard's attack.
Electricity crackles from the ironbound thunderhulk's apparatus.
The bolt of lightning hits you!!!
You die...

############### ########
............... ........
............... ........
####'############....
#.......#.......#....
#...@†#.#.......#...#
#...#†p.#.#)#...#...#
.^.....#.#.....#...#...#
.......#.....O.#...#...'
##############'#####...#
#..p...#....
#......#....
#......#....
#......#....


You could see an ironbound thunderhulk and a vault guard.

Vanquished Creatures
  Vashnia (Snake:2)
  Saint Roka (Vaults:1)
  A tentacled monstrosity (Abyss:3)
  A kraken (Abyss:3)
  Agnes (D:14)
  A tentacled starspawn (Abyss:2)
  Donald (Snake:3)
  A nagaraja (Snake:4)
  3 vault wardens (Vaults:1)
  4 ironbound preservers (Vaults:1)
  A stone giant (D:15)
  2 ironbound thunderhulks (Vaults:1)
  10 merfolk impalers
  4 merfolk javelineers
  A yaktaur captain (Vaults:1)
  Josephine (D:11)
  A great orb of eyes (Vaults:1)
  An entropy weaver (Vaults:2)
  3 vault guards (Vaults:1)
  Erolcha (D:12)
  3 merfolk aquamancers
  A ghost crab (Abyss:3)
  3 ogre magi
  2 ironbound frosthearts (Vaults:1)
  9 boulder beetles
  A catoblepas (D:10)
  5 salamander tyrants
  20 anacondas
  A death knight (D:11)
  2 alligator snapping turtles (Shoals:4)
  11 centaur warriors
  A dancing weapon (Abyss:3)
  15 two-headed ogres
  6 merfolk avatars
  16 naga warriors
  3 tengu warriors
  3 satyrs
  2 orc high priests (Orc:1)
  A thrashing horror (Abyss:2)
  11 death yaks
  12 naga sharpshooters
  Urug (D:13)
  3 shock serpents
  Nergalle (Lair:3)
  8 skeletal warriors
  A fire crab (Abyss:3)
  6 skysharks
  4 salamander mystics
  20 sea snakes
  A sixfirhy (Abyss:3)
  14 deep trolls
  10 naga ritualists
  6 ironbound convokers
  2 wizards (Vaults:1)
  13 harpies
  2 lindwurms (Vaults:1)
  An orc knight (Orc:1)
  10 mana vipers
  An orc sorcerer (Vaults:1)
  2 deep elf pyromancers
  2 wolf spiders (D:15)
  6 fauns
  18 cyclopes
  27 salamanders
  13 ugly things
  15 manticores
  49 black mambas
  An apocalypse crab (Abyss:3)
  5 vault sentinels (Vaults:1)
  7 merfolk sirens
  6 elephants (Lair:5)
  Joseph (D:8)
  Maurice (D:11)
  8 water nymphs
  10 guardian serpents
  A cane toad (shapeshifter) (Abyss:2)
  7 naga magi
  An unseen horror (shapeshifter) (D:11)
  6 cane toads
  5 torpor snails
  4 gargoyles
  A freezing wraith (Abyss:3)
  7 komodo dragons
  5 kobold demonologists
  4 unseen horrors
  9 yaktaurs (Vaults:1)
  2 rime drakes
  2 efreet
  An ancient zyme (Abyss:2)
  19 trolls
  42 merfolk
  2 hornets
  4 raiju
  2 polar bears (Lair:5)
  18 snapping turtles
  16 blink frogs
  6 wind drakes
  16 dream sheep
  A ynoxinul (Abyss:3)
  A culicivora (Vaults:2)
  A centaur simulacrum (D:11)
  9 slime creatures
  A spriggan (D:13)
  68 yaks
  2 shadows
  A vampire (D:11)
  7 water elementals
  A wyvern (D:9)
  12 wraiths
  3 basilisks
  A redback (Vaults:2)
  8 vampire mosquitoes
  A steam dragon (D:7)
  5 wargs
  2 acid dragons
  11 water moccasins
  43 nagas
  2 small abominations (Abyss:2)
  27 orc warriors
  A meliai simulacrum (D:15)
  2 sky beasts (D:6)
  3 black bears
  An ice beast (D:4)
  23 ogres
  15 wolves
  4 centaurs
  2 kobold brigands
  9 bullfrogs
  5 gnoll sergeants
  10 scorpions
  20 wights
  2 killer bees (D:11)
  5 howler monkeys
  6 electric eels
  3 jellies
  A hound (D:6)
  11 orc priests
  A gnoll bouda (D:6)
  Natasha (thrice) (D:3)
  4 iguanas
  12 orc wizards
  24 gnolls
  11 adders
  2 shadow imps
  2 white imps
  3 ufetubi
  3 dart slugs
  62 orcs
  11 ball pythons
  15 endoplasms
  2 giant cockroaches (D:3)
  7 goblins
  8 hobgoblins
  5 jackals
  21 kobolds
  6 quokkas
  20 bats
  3 frilled lizards
  A jackal skeleton (D:10)
  4 rats
  4 tentacles (Abyss:3)
1187 creatures vanquished.

Vanquished Creatures (collateral kills)
  A tentacled monstrosity (Abyss:3)
  A shambling mangrove (Abyss:3)
  An apocalypse crab (Abyss:3)
  A polar bear (Lair:2)
  A bullfrog (Lair:2)
5 creatures vanquished.

Vanquished Creatures (others)
  A tentacled starspawn (Abyss:3)
  A salamander tyrant (Snake:2)
  A shock serpent (Snake:4)
  A naga warrior (Snake:4)
  A skeletal warrior (D:12)
  2 mana vipers
  A salamander (Snake:4)
  A black mamba (Snake:4)
  A naga mage (Snake:1)
  A snapping turtle (Shoals:2)
  2 nagas
  A bush (Lair:5)
  47 fungi
  159 plants
  2 starspawn tentacles (Abyss:3)
  4 tentacles (Abyss:3)
  6 toadstools (D:2)
232 creatures vanquished.

Grand Total: 1424 creatures vanquished

Notes
Turn   | Place    | Note
-------+----------+-------------------------------------------
     0 | D:1      | Arcadio the Minotaur Monk began the quest for the Orb.
     0 | D:1      | Reached XP level 1. HP: 19/19 MP: 0/0
   394 | D:1      | Reached skill level 1 in Maces & Flails
   394 | D:1      | Reached XP level 2. HP: 26/27 MP: 1/1
   901 | D:2      | Reached XP level 3. HP: 33/33 MP: 2/2
  1309 | D:2      | Reached XP level 4. HP: 36/41 MP: 3/3
  1422 | D:1      | Reached skill level 5 in Fighting
  1422 | D:1      | Reached XP level 5. HP: 41/48 MP: 4/4
  1903 | D:3      | Reached skill level 5 in Dodging
  2079 | D:3      | Found a white marble altar of Elyvilon.
  2090 | D:3      | Became a worshipper of Elyvilon the Healer
  2090 | D:3      | Reached * piety under Elyvilon
  2090 | D:3      | Reached ** piety under Elyvilon
  2181 | D:3      | Reached XP level 6. HP: 49/56 MP: 5/5
  2209 | D:3      | Noticed Natasha
  2215 | D:3      | Killed Natasha
  2310 | D:3      | Noticed Natasha
  2320 | D:3      | Killed Natasha
  2437 | D:3      | Noticed Natasha
  2442 | D:3      | Killed Natasha
  2903 | D:4      | Found a hide-covered altar of Uskayaw.
  2904 | D:4      | Found a hazy altar of Hepliaklqana.
  2925 | D:4      | Found a broken altar of Ashenzari.
  2937 | D:4      | Found an opulent altar of Gozag.
  2974 | D:4      | Noticed an ice beast
  2988 | D:4      | Killed an ice beast
  2989 | D:4      | Reached XP level 7. HP: 43/63 MP: 1/6
  3209 | D:4      | Reached *** piety under Elyvilon
  3421 | D:5      | Entered Level 5 of the Dungeon
  3561 | D:5      | Reached skill level 5 in Axes
  3784 | D:5      | Found a glowing silver altar of Zin.
  4101 | D:5      | Reached XP level 8. HP: 44/73 MP: 7/7
  4859 | D:6      | Reached **** piety under Elyvilon
  5094 | D:6      | Found a staircase to the Ecumenical Temple.
  5113 | Temple   | Entered the Ecumenical Temple
  5466 | D:6      | Reached XP level 9. HP: 58/83 MP: 8/8
  5801 | D:6      | Found Quemivic's Antique Armour Boutique.
  5805 | D:6      | Bought a sapphire-encrusted scale mail for 225 gold pieces
  5805 | D:6      | Identified the +0 scale mail "Ycagu" {Drain rN+ Str+5
                  | Dex+2} (You bought it in a shop on level 6 of the Dungeon)
  5805 | D:6      | Bought a pair of gloves for 112 gold pieces
  5805 | D:6      | Bought a pair of boots for 112 gold pieces
  5903 | D:6      | Reached skill level 1 in Invocations
  6106 | D:6      | Found Mikhoa's Distillery.
  6111 | D:6      | Bought a potion of curing for 30 gold pieces
  6158 | D:6      | Bought a potion of might for 40 gold pieces
  6773 | D:7      | Reached skill level 10 in Fighting
  6901 | D:7      | Identified the +4 sling of Qatwoig {elec, rPois}
  7126 | D:7      | Got Diresuar's Tome of Ensorcelling
  7445 | D:8      | Noticed a centaur warrior
  7450 | D:8      | Killed a centaur warrior
  7451 | D:8      | Reached XP level 10. HP: 53/94 MP: 10/12
  7626 | D:8      | Noticed a two-headed ogre
  7634 | D:8      | Killed a two-headed ogre
  7652 | D:8      | Reached ***** piety under Elyvilon
  8152 | D:8      | Reached skill level 10 in Dodging
  8161 | D:8      | Noticed Joseph
  8181 | D:8      | Killed Joseph
  8182 | D:8      | Reached skill level 10 in Axes
  8273 | D:8      | Noticed a boulder beetle
  8286 | D:8      | Killed a boulder beetle
  8287 | D:8      | Reached skill level 5 in Invocations
  8669 | D:9      | Found a staircase to the Lair.
  8690 | D:9      | Found Naxzule's Jewellery Shop.
  8819 | D:9      | Reached XP level 11. HP: 102/102 MP: 14/14
  8825 | D:9      | Identified the ring of Jeom {rCorr Int+6}
  8843 | D:9      | Noticed a centaur warrior
  8856 | D:9      | Killed a centaur warrior
  8993 | D:9      | Noticed a boulder beetle
  9051 | D:9      | Killed a boulder beetle
  9231 | D:9      | Identified the +0 spear "Othuus" {holy, Int+4 Stlth+}
  9572 | D:9      | Identified the +4 ring mail of Ynaobien {Dex+2}
  9582 | D:9      | Identified the +6 scimitar of the Distant Future {heavy,
                  | rPois}
 10120 | D:10     | Entered Level 10 of the Dungeon
 10206 | Lair:1   | Entered Level 1 of the Lair of Beasts
 10697 | Lair:1   | Reached ****** piety under Elyvilon
 11123 | Lair:2   | Noticed an eight-headed hydra
 11146 | Lair:2   | Pacified an eight-headed hydra
 11228 | Lair:2   | Noticed an eight-headed hydra
 11231 | Lair:2   | Pacified an eight-headed hydra
 11268 | Lair:2   | Reached XP level 12. HP: 103/113 MP: 16/16
 11942 | Lair:2   | Found a staircase to the Shoals.
 12803 | Lair:3   | Noticed Nergalle
 12813 | Lair:3   | Killed Nergalle
 12834 | Lair:3   | Noticed a death yak
 12856 | Lair:3   | Killed a death yak
 12879 | Lair:3   | Noticed a death yak
 12892 | Lair:3   | Killed a death yak
 12902 | Lair:3   | Noticed a death yak
 12927 | Lair:3   | Noticed a death yak
 12932 | Lair:3   | Noticed a death yak
 12935 | Lair:3   | Noticed a death yak
 12940 | Lair:3   | Killed a death yak
 12948 | Lair:3   | Killed a death yak
 12953 | Lair:3   | Killed a death yak
 12956 | Lair:3   | Killed a death yak
 12963 | Lair:3   | Noticed a boulder beetle
 12967 | Lair:3   | Killed a boulder beetle
 12968 | Lair:3   | Reached XP level 13. HP: 77/148 MP: 20/22
 13562 | Lair:3   | Found a staircase to the Snake Pit.
 14521 | Lair:4   | Reached skill level 10 in Invocations
 15158 | Lair:5   | Entered Level 5 of the Lair of Beasts
 15845 | Lair:5   | Reached skill level 15 in Fighting
 16122 | Lair:5   | Paralysed by a hornet for 2 turns
 16539 | Lair:5   | Found a snail-covered altar of Cheibriados.
 16724 | Lair:5   | Reached XP level 14. HP: 98/135 MP: 21/21
 16899 | Lair:5   | Reached skill level 15 in Axes
 17110 | Lair:5   | Found a viscous altar of Jiyva.
 17111 | Lair:5   | Found a staircase to the Slime Pits.
 17332 | Lair:5   | Found the +2 shield of Resistance {rF++ rC++ Will++}
 17437 | Lair:5   | Got the Elucidation of Weird Metal
 17914 | D:10     | Found a runed translucent door.
 17919 | D:10     | Found a basalt altar of Yredelemnul.
 18661 | D:11     | Found a staircase to the Orcish Mines.
 19669 | D:11     | Noticed Josephine
 19674 | D:11     | Killed Josephine
 19679 | D:11     | Reached skill level 15 in Dodging
 20110 | D:11     | Noticed Maurice
 20130 | D:11     | Killed Maurice
 20855 | Orc:1    | Entered Level 1 of the Orcish Mines
 20932 | Orc:1    | Found Catimuu's General Store.
 21066 | D:9      | Bought an amulet of regeneration for 450 gold pieces
 21171 | Orc:1    | Found Cezaiq's Armour Boutique.
 21340 | Orc:2    | Entered Level 2 of the Orcish Mines
 21340 | Orc:2    | Found Qazan's Mayhem Merchandise.
 21580 | Orc:1    | Reached XP level 15. HP: 70/146 MP: 23/23
 22009 | Orc:2    | Found a staircase to the Elven Halls.
 22106 | Orc:2    | Found Zamisil's Jewellery Emporium.
 22111 | Orc:2    | Found Ywaeck's Armour Shop.
 22119 | Orc:2    | Found Forit's General Store.
 22120 | Orc:2    | Found Teowuasu's Assorted Antiques.
 22498 | Orc:1    | Found Deomisu's Assorted Antiques.
 22616 | Orc:2    | Bought the +4 cloak "Loelic" {rPois rN+++ Int+3 Dex-5} for
                  | 892 gold pieces
 22710 | Orc:1    | Found Saurit's Distillery.
 22948 | D:12     | Noticed Erolcha
 22953 | D:12     | Killed Erolcha
 23628 | D:13     | Noticed Urug
 23641 | D:13     | Killed Urug
 24418 | D:13     | Found a gate to the Vaults.
 25543 | D:14     | Noticed Agnes
 25553 | D:14     | Killed Agnes
 25666 | D:15     | Entered Level 15 of the Dungeon
 25762 | D:15     | Found a staircase to the Depths.
 25879 | D:15     | Found an iron altar of Okawaru.
 25919 | D:15     | Found a shadowy altar of Dithmenos.
 26201 | D:15     | Reached XP level 16. HP: 157/157 MP: 25/25
 26578 | Snake:1  | Entered Level 1 of the Snake Pit
 26827 | Snake:1  | Found Aqitoig's Armour Shop.
 28014 | Snake:2  | Noticed Vashnia
 28021 | Snake:2  | Killed Vashnia
 28419 | Snake:2  | Found Sixitaewidgh's Overcharged Wands.
 28834 | Snake:3  | Noticed Donald
 28843 | Snake:3  | Killed Donald
 29286 | Snake:3  | Found a runed translucent door.
 29645 | Snake:3  | Found a glowing silver altar of Zin.
 29782 | Snake:3  | Reached XP level 17. HP: 156/168 MP: 27/27
 29909 | Snake:4  | Entered Level 4 of the Snake Pit
 30320 | Snake:4  | Reached skill level 15 in Invocations
 31283 | Snake:4  | Reached skill level 1 in Shields
 32319 | Snake:4  | Reached skill level 5 in Shields
 32667 | Snake:4  | Got a serpentine rune of Zot
 33018 | D:4      | Fell from the grace of Elyvilon
 33018 | D:4      | Became a worshipper of Uskayaw the Reveller
 33321 | Orc:2    | Bought a ring of willpower for 350 gold pieces
 33421 | Shoals:1 | Entered Level 1 of the Shoals
 33425 | Shoals:1 | Reached * piety under Uskayaw
 33427 | Shoals:1 | Reached ** piety under Uskayaw
 33471 | Shoals:1 | Reached *** piety under Uskayaw
 33547 | Shoals:1 | Reached **** piety under Uskayaw
 33550 | Shoals:1 | Reached ***** piety under Uskayaw
 33729 | Shoals:1 | You fall into a shaft and drop 1 floor!
 33753 | Shoals:2 | Reached ****** piety under Uskayaw
 33879 | Shoals:1 | Reached XP level 18. HP: 167/178 MP: 28/28
 35252 | Abyss:2  | Found a corrupted altar of Lugonu.
 35252 | Abyss:2  | Found a corrupted altar of Lugonu.
 35252 | Abyss:2  | Cast into level 2 of the Abyss (merfolk)
 35392 | Abyss:2  | Found a corrupted altar of Lugonu.
 35560 | Abyss:3  | Noticed a tentacled monstrosity
 35566 | Abyss:3  | Noticed a tentacled monstrosity
 35570 | Abyss:3  | Killed a tentacled monstrosity
 35576 | Abyss:3  | Killed a tentacled monstrosity
 35587 | Abyss:3  | Got an abyssal rune of Zot
 35597 | Shoals:3 | Escaped the Abyss
 35838 | Shoals:3 | Reached skill level 10 in Shields
 35896 | Shoals:3 | Found Icupup's Assorted Antiques.
 35944 | Shoals:3 | Bought a scroll of blinking for 225 gold pieces
 35944 | Shoals:3 | Bought a scroll of enchant armour for 225 gold pieces
 35944 | Shoals:3 | Bought a scroll of blinking for 225 gold pieces
 36282 | Shoals:4 | Entered Level 4 of the Shoals
 36282 | Shoals:4 | Found Fanutwebb's Weapon Emporium.
 36406 | Shoals:4 | Found the +3 Mad Mage's Maulers {Infuse+∞ VampMP -Cast}
 36980 | Shoals:4 | Found a runed translucent gate.
 36980 | Shoals:4 | Found a runed translucent gate.
 36982 | Shoals:4 | Found an opulent altar of Gozag.
 36997 | Shoals:4 | Found a runed translucent gate.
 36998 | Shoals:4 | Noticed Clive's ghost (adept MiFi)
 38023 | Shoals:4 | Identified the staff of cold "Lita" {Fragile rElec rC+
                  | Dex+2}
 38352 | Shoals:4 | Reached XP level 19. HP: 172/189 MP: 29/29
 38542 | Shoals:4 | Got a barnacled rune of Zot
 38819 | Vaults:1 | Entered Level 1 of the Vaults
 39198 | Vaults:1 | Found Dais's Distillery.
 39203 | Vaults:1 | Bought a potion of curing for 60 gold pieces
 39203 | Vaults:1 | Bought a potion of might for 80 gold pieces
 39203 | Vaults:1 | Bought a potion of heal wounds for 100 gold pieces
 39345 | Vaults:1 | Noticed Saint Roka
 39380 | Vaults:1 | Killed Saint Roka
 40221 | Vaults:2 | Killed from afar by an ironbound thunderhulk

Illustrated notes

Levels and vault maps discovered:
D:1:      matt_arrival_spirals, layout_loops_ring, minmay_misc_feat_room
D:2:      cheibrodos_fertilizer, layout_loops_ring
D:3:      minmay_inner_zag, layout_loops_ring, elyvilon_altar_5,
          wander_ebering_terrifying_dragon_lair, uniq_natasha
D:4:      layout_cave_pools, grunt_temple_overflow_open
D:5:      layout_loops_cross, mainiacjoe_overflow_alcove_2, lightli_minifort
D:6:      old_forge, layout_cave_pools, minmay_temple_entry_junction_2,
          serial_gnoll_camp, gnoll_camp_mini_shop, gnoll_camp_mini_basic,
          gnoll_camp_mini_shop, gnoll_camp_mini_house, hangedman_decor_lopped
D:7:      layout_basic, nicolae_underground_beach
D:8:      layout_basic, minmay_shattered_shrine, uniq_joseph
D:9:      nzn_winding_woodlands_cross [nzn_winding_woodlands_5x15_zeroes,
          nzn_winding_woodlands_5x15_lazy_stream,
          nzn_winding_woodlands_5x15_split_checker,
          nzn_winding_woodlands_5x15_crooked,
          nzn_winding_woodlands_15x15_five_gardens], layout_cave_pods,
          serial_shops, shop, grunt_decor_clamped
D:10:     layout_irregular_city, dk_yredelemnul_ordeal
D:11:     minmay_the_grid_triangle_9x9_rhombus_full
          [minmay_the_grid_triangle_9x9_alien,
          minmay_the_grid_triangle_9x9_from_above,
          minmay_the_grid_triangle_9x9_corrupted_corridor,
          minmay_the_grid_triangle_9x9_sprig,
          minmay_the_grid_triangle_9x9_limited_checkers,
          minmay_the_grid_triangle_9x9_sparse_checkered,
          minmay_the_grid_triangle_9x9_odd_lines,
          minmay_the_grid_triangle_9x9_prize_top_heavy], layout_cave_pools,
          orc_0_dummy, uniq_josephine, uniq_maurice
D:12:     layout_basic, uniq_erolcha
D:13:     layout_basic, david_vaults_2, serial_co_window_serial,
          co_window_of_opportunity_a, co_window_paths_a, co_window_corner_a,
          co_window_corner_a, co_window_of_opportunity_a,
          co_window_of_opportunity_b, co_window_cross_3, co_window_broadway_c,
          co_window_paths_c, co_window_2corner, co_window_broadway_a,
          co_window_paths_e, co_window_paths_d, glass_columns_a,
          glass_columns_a, glass_columns_c, glass_columns_b,
          hellmonk_bongcloud_opening, the_hattery, uniq_urug
D:14:     layout_basic, uniq_agnes
D:15:     grunt_enter_depths_giant_problem, layout_loops_ring,
          okawaru_metal_pillars_3, minmay_misc_feat_plants,
          hangedman_abyss_or_decor_lesser_grid, grunt_dithmenos_shadows
Temple:   hellmonk_temple_of_storms
Lair:1:   layout_chaotic_city, minmay_holes, minivault_23,
          nicolae_lair_grove_arrangements, grunt_forest_stairs_basic
Lair:2:   layout_long_grid, nicolae_shoals_entry_roost, ldierk_geyser,
          grunt_megastairs_4, infiniplex_staircase_pool, serial_bayou_shore_a
Lair:3:   layout_regular_city, guppyfry_snake_entry_island, uniq_nergalle
Lair:4:   layout_cave_pods, chequers_serial_rivers_small_3, lemuel_fruit_tree
Lair:5:   gammafunk_lair_ancient_temple, layout_regular_city,
          dpeg_slime_entry_enclosed, gauntlet_entry_generic,
          kennysheep_snail_temple
Shoals:1: layout_shoals
Shoals:2: layout_shoals
Shoals:3: layout_shoals, serial_shops, nicolae_shop_statue_plus
Shoals:4: shoals_end_simple, layout_shoals, serial_shops, shop,
          ebering_ghost_gozag, nicolae_shoals_stone_sculpture_thing
Snake:1:  layout_misc_corridors, serial_shops, nicolae_shop_tiny_statue_garden
Snake:2:  layout_cave_town, nicolae_shop_overcharged_wands, grunt_megastairs_3,
          uniq_vashnia
Snake:3:  cheibrodos_toxic_ritual, layout_gridlike, basic_altar, uniq_donald
Snake:4:  grunt_snake_rune_pools, layout_cave_town
Orc:1:    layout_diamond_mine, serial_shops, shop, shop, shop, shop
Orc:2:    st_orc_open, layout_caves, minmay_shop_mayhem
Vaults:1: nicolae_vaults_what_the_h, grunt_vaults_hallway_long,
          hangedman_vaults_snaps, nicolae_vaults_heart-shaped_vault, v_misc_28,
          nicolae_vaults_swerve, grunt_vaults_twisty,
          nicolae_vaults_windows_and_doors_thing,
          nicolae_vaults_offset_grid_hallway_1, nicolae_vaults_double_plus_1,
          vaults_room_pools, layout_vaults_ring, serial_shops, shop,
          uniq_saint_roka
Vaults:2: gammafunk_ghost_ooze, nicolae_vaults_more_shelving_2,
          grunt_vaults_diagonal, nicolae_vaults_double_plus_1,
          hangedman_vaults_cutoff, v_rooms_1, v_misc_30,
          minmay_crypt_entry_simple_round, hangedman_vaults_cutoff,
          hangedman_vaults_trim, nicolae_vaults_double_plus_1,
          layout_vaults_chaotic_city

Skill      XL: |  1  2  3  4  5  6  7  8  9 10 11 12 13 14 15 16 17 18 19 |
---------------+----------------------------------------------------------+-----
Maces & Flails | 1 2 3 4 |  4.3
Fighting       | 4 5 6 7 9 10 11 12 14 15 16 18 19 20 21 | 21.5
Dodging        | 4 5 6 8 9 10 11 13 14 15 16 17 18 19 | 19.9
Axes           | 4 5 7 9 10 12 13 14 16 17 18 19 20 21 | 21.1
Invocations    | 4 5 7 9 10 12 13 14 15 | 15.1
Shields        | 7 11 13 | 13.7

Action                     |  1- 3 |  4- 6 |  7- 9 | 10-12 | 13-15 | 16-18 | 19-21 || total
---------------------------+-------+-------+-------+-------+-------+-------+-------++-------
  Melee: Whip              |    68 |    52 |       |       |       |       |       ||   120
         Headbutt          |    10 |    20 |    38 |    35 |   139 |   267 |    69 ||   578
         Hand axe          |     1 |    64 |    21 |       |       |       |       ||    86
         War axe           |       |       |    61 |       |       |       |       ||    61
         Battleaxe         |       |       |   130 |   250 |   680 |   342 |       ||  1402
         Broad axe         |       |       |       |       |       |   823 |   230 ||  1053
   Fire: Sling             |       |       |     4 |     2 |       |       |       ||     6
 Invoke: Heal Other        |       |     2 |       |     3 |     6 |     9 |       ||    20
         Heal Self         |       |       |     2 |     7 |    15 |    27 |       ||    51
         Divine Vigour     |       |       |       |     1 |       |       |       ||     1
         Grand Finale      |       |       |       |       |       |     2 |       ||     2
         Line Pass         |       |       |       |       |       |       |     1 ||     1
  Evoke: Wand              |       |       |       |     2 |       |       |       ||     2
    Use: Scroll            |     3 |     2 |     4 |     4 |    15 |    24 |     1 ||    53
         Potion            |       |       |     1 |     1 |     1 |    12 |     1 ||    16
   Stab: Paralysed         |       |       |       |       |       |    69 |    35 ||   104
 Armour: Robe              |    14 |    13 |     2 |       |       |       |       ||    29
         Chain mail        |       |       |    49 |       |       |       |       ||    49
         Scale mail        |       |       |    15 |    69 |   220 |   414 |    31 ||   749
  Dodge: Dodged            |    49 |    81 |   268 |   339 |  1048 |  1197 |   110 ||  3092
  Block: Other             |       |       |       |       |    64 |       |       ||    64
         Reflection        |       |       |       |       |     1 |       |       ||     1
         Kite shield       |       |       |       |       |       |   502 |   111 ||   613
